 Dungeon Crawl Stone Soup version 0.30.1-3-gfc49f6343a (webtiles) character file.

Game seed: 6987566663280845110

17868 themarg the Zephyrmancer (level 12, -14/72 HPs)
             Began as a Tengu Air Elementalist on July 18, 2023.
             Was an Elder of Sif Muna.
             Killed from afar by a lindwurm (20 damage)
             ... with a blast of flame
             ... while petrified by a basilisk
             ... on level 4 of the Lair of Beasts on July 19, 2023.
             The game lasted 01:01:53 (20197 turns).

themarg the Zephyrmancer (Tengu Air Elementalist)  Turns: 20197, Time: 01:01:53

Health: -14/72     AC:  6    Str:  8    XL:     12   Next: 52%
Magic:  20/20      EV:  2    Int: 26    God:    Sif Muna [****..]
Gold:   898        SH:  0    Dex: 19    Spells: 2/21 levels left

rFire   . . .        a - +2 dagger (venom)
rCold   . . .        (no shield)
rNeg    + + +        O - +0 troll leather armour
rPois   ∞            (helmet restricted)
rElec   .            M - +0 cloak
rCorr   +            j - +0 pair of gloves
SInv    +            (boots unavailable)
Will    .....        (no amulet)
Stlth   ++           E - ring "Woicec" {rCorr Dex+3 SInv}
HPRegen 1.12/turn    I - +6 ring of intelligence
MPRegen 0.17/turn

%: no passive effects
@: swift, petrified, flying quickly and evasively, very quick
A: beak, talons 3, nimble flight
a: Renounce Religion, Channel Magic, Forget Spell, Divine Exegesis


You were on level 4 of the Lair of Beasts.
You worshipped Sif Muna.
Sif Muna was greatly pleased with you.
You visited 2 branches of the dungeon, and saw 14 of its levels.
You also visited: Sewer.

You collected 898 gold pieces.

Inventory:

Hand Weapons
 a - a +2 dagger of venom (weapon)
 b - a +0 whip of flaming
Missiles
 g - 164 stones
 n - 6 javelins
 p - 30 poisoned darts
 P - a curare-tipped dart
 S - 2 throwing nets
Armour
 j - a +0 pair of gloves (worn)
 u - a +3 ring mail
 L - +2 steam dragon scales
 M - a +0 cloak (worn)
 O - a +0 troll leather armour (worn)
Magical Staves
 f - a staff of death
 l - a staff of fire
Jewellery
 x - a ring of magical power
 E - the ring "Woicec" (left hand) {rCorr Dex+3 SInv}
   (You found it on level 3 of the Dungeon)

   [ring of see invisible]

   Dex:       It affects your dexterity (+3).
   SInv:      It lets you see invisible.
   rCorr:     It protects you from acid and corrosion.
 I - a +6 ring of intelligence (right hand)
 N - a +6 ring of intelligence
 V - a ring of protection from cold
Wands
 y - a wand of iceblast (14)
 B - a wand of polymorph (16)
 C - a wand of digging (6)
 T - a wand of quicksilver (9)
Scrolls
 c - 3 scrolls of magic mapping
 d - 2 scrolls of enchant weapon
 e - 2 scrolls of blinking
 k - a scroll of immolation {unknown}
 q - a scroll of acquirement {unknown}
 w - 2 scrolls of vulnerability
 z - a scroll of brand weapon
 D - 2 scrolls of fear
 F - 3 scrolls of poison
 G - a scroll of torment {unknown}
 H - 5 scrolls of teleportation
 K - a scroll of fog {unknown}
 Q - a scroll of enchant armour {unknown}
 U - 2 scrolls of amnesia {unknown}
Potions
 h - 3 potions of attraction {unknown}
 i - 2 potions of haste
 m - 4 potions of brilliance
 o - 2 potions of berserk rage
 r - 4 potions of heal wounds
 s - 5 potions of curing
 t - a potion of mutation {unknown}
 v - 2 potions of might {unknown}
 A - a potion of magic
 J - 2 potions of lignification {unknown}
 R - a potion of cancellation {unknown}


   Skills:
 - Level 7.0 Fighting
 - Level 1.0 Throwing
 - Level 3.0 Dodging
 - Level 3.0 Stealth
 - Level 5.0 Spellcasting
 - Level 10.0 Conjurations
 - Level 5.0 Summonings
 - Level 6.5 Ice Magic
 + Level 11.2 Air Magic
 + Level 10.6 Invocations
 - Level 2.0 Evocations


You had 2 spell levels left.
You knew the following spells:

 Your Spells              Type           Power      Damage    Failure   Level
a - Shock                 Conj/Air       100%       1d9       1%          1
b - Static Discharge      Conj/Air       100%       2-7/arc   1%          2
c - Airstrike             Air            30%        2d(5-21)  1%          4
d - Swiftness             Air            60%        N/A       1%          3
e - Freezing Cloud        Conj/Ice/Air   26%        6-21      7%          5
f - Summon Lightning Spi  Summ/Air       48%        N/A       4%          4

Your spell library contained the following spells:

 Spells                   Type           Power      Damage    Failure   Level
 Cigotuvi's Dreadful Rot  Necr/Pois/Air  52%        N/A       3%          2
 Ignite Poison            Fire/Tmut/Pois 6%         N/A       32%         3
 Animate Armour           Summ/Erth      38%        N/A       36%         4
 Anguish                  Hex/Necr       3%         N/A       73%         4
 Cause Fear               Hex            3%         N/A       73%         4
 Iron Shot                Conj/Erth      16%        9d4       91%         6
 Blade Hands              Tmut           3%         N/A       97%         5
 Enfeeble                 Hex            3%         N/A       100%        7


Dungeon Overview and Level Annotations

Branches:
Dungeon (10/15)            Temple (0/1) D:7            Lair (4/5) D:10
 Shoals (0/4) Lair:3        Snake (0/4) Lair:3        Sewer (visited)
  Slime: Lair:4-5       Orc: D:9-12

Altars:
Ashenzari
Cheibriados
Dithmenos
Elyvilon
Fedhas
Hepliaklqana
Makhleb
Okawaru
Ru
Sif Muna
Trog
Uskayaw
Vehumet
Wu Jian
Xom
Yredelemnul
Zin

Annotations:
D:9 exclusion: boulder beetle
Lair:1 3 runed translucent doors, exclusion: 3 doors, turdburglar's ghost, journeyman TrFi
Lair:2 exclusions: 2 oklob plants and 1 more exclusion


Innate Abilities, Weirdness & Mutations

You have a beak for a mouth.
You have claws for feet.
Your magical nature lets you fly swiftly and evasively.


Message History

The blast of flame hits your lightning spire.
Your lightning spire resists.
Your lightning spire is destroyed!
Your lightning spire disappears in a puff of smoke!
Aiming: Freezing Cloud (dangerous; 7% risk of failure)
Press: ? - help, Dir - move target, p - lindwurm The wyvern bites you.
The wyvern bites you!
The six-headed hydra is engulfed in freezing vapours.
The six-headed hydra seems to slow down.
You barely miss the wyvern. Your peck misses the wyvern.
The wyvern is severely wounded.
The wyvern bites you!
A wyvern comes into view.
The six-headed hydra is engulfed in freezing vapours.
The wyvern bites you.
You feel quick.
The wyvern hisses angrily.
You feel less invigorated.
A rime drake comes into view.
The basilisk gazes at you.
You are slowing down.
The wyvern bites you! The wyvern bites you!
Your limbs are stiffening.
You have turned to stone.
The wyvern bites you! x2
* * * LOW HITPOINT WARNING * * *
The wyvern bites you.
* * * LOW HITPOINT WARNING * * *
The wyvern bites you.
* * * LOW HITPOINT WARNING * * *
The lindwurm bites you!
* * * LOW HITPOINT WARNING * * *
The lindwurm claws you.
* * * LOW HITPOINT WARNING * * *
The lindwurm claws you but does no damage.
The wyvern bites you!
* * * LOW HITPOINT WARNING * * *
The lindwurm breathes flames at you. The blast of flame hits you!!!
You die...

l.$ ..+ #D. # ## ..
####.###.# .###
..........#####+#l..####
#..........##....l.k....
..........#.+...........
..........@l#...........
..........+kD...........
..........#.#...........
##..........##.####..#.#.
..........##### ###...
##.....#.## .. #......##
#.......# ##......##


You could see a six-headed hydra (slow), a lindwurm (catching breath) and a
wyvern.

Vanquished Creatures
  2 hydras
  2 skysharks (Lair:2)
  3 black mambas
  A torpor snail (Lair:3)
  A rime drake (Lair:3)
  Maggie (D:6)
  7 cane toads
  5 komodo dragons
  A troll (D:9)
  A merfolk (Lair:3)
  Prince Ribbit (D:6)
  Grinder (D:6)
  A hornet (D:8)
  A blink frog (Lair:1)
  Sigmund (D:3)
  A wraith (D:10)
  17 yaks
  2 wyverns
  A basilisk (D:10)
  Menkaure (D:6)
  11 water moccasins
  3 sky beasts
  An orc warrior (D:9)
  5 black bears
  4 ice beasts
  A centaur (D:8)
  A phantom (D:7)
  2 kobold brigands
  A gnoll sergeant (D:8)
  5 bullfrogs
  10 wights
  6 killer bees (D:10)
  4 hounds
  6 orc priests
  3 jellies
  Jessica (D:2)
  Ijyb (D:3)
  8 orc wizards
  2 iguanas (D:5)
  A hell rat (Lair:4)
  A statue (D:10)
  6 gnolls
  9 adders
  5 river rats
  A shadow imp (D:5)
  An ufetubus (D:5)
  4 worms
  A dart slug (D:4)
  31 orcs
  20 ball pythons
  12 endoplasms
  8 giant cockroaches
  15 goblins
  8 hobgoblins
  9 jackals
  7 quokkas
  13 bats
  10 frilled lizards
  20 kobolds
  4 rats
312 creatures vanquished.

Vanquished Creatures (collateral kills)
  3 torpor snails (Lair:3)
  A rime drake (Lair:3)
  A bullfrog (Lair:4)
5 creatures vanquished.

Grand Total: 317 creatures vanquished

Notes
Turn   | Place    | Note
-------+----------+-------------------------------------------
     0 | D:1      | themarg the Tengu Air Elementalist began the quest for the
                  | Orb.
     0 | D:1      | Reached XP level 1. HP: 10/10 MP: 4/4
   378 | D:1      | Reached XP level 2. HP: 16/16 MP: 1/6
   429 | D:1      | Learned a level 2 spell: Static Discharge
   854 | D:1      | Reached skill level 1 in Fighting
   864 | D:1      | You fall into a shaft and drop 1 floor!
  1023 | D:2      | Reached XP level 3. HP: 20/20 MP: 3/7
  1347 | D:2      | Found a bloodstained altar of Trog.
  1364 | D:2      | Noticed Jessica
  1760 | D:2      | Reached skill level 5 in Air Magic
  1953 | D:2      | Reached XP level 4. HP: 25/25 MP: 4/8
  2134 | D:2      | Killed Jessica
  2375 | D:3      | Reached skill level 6 in Air Magic
  2704 | D:3      | Gained mutation: Your magical nature lets you fly swiftly
                  | and evasively. [Tengu growth]
  2704 | D:3      | Reached XP level 5. HP: 29/29 MP: 5/9
  2797 | D:3      | Found a bloodstained altar of Trog.
  3109 | D:3      | Found a transporter.
  3119 | D:3      | Found a transporter.
  3155 | D:3      | Noticed Sigmund
  3165 | D:3      | Found a glowing silver altar of Zin.
  3460 | D:3      | Noticed Ijyb
  3554 | D:4      | Reached skill level 7 in Air Magic
  4053 | D:4      | Reached XP level 6. HP: 34/34 MP: 4/10
  4155 | D:4      | Reached skill level 8 in Air Magic
  4356 | D:4      | Found an ornate altar of the Wu Jian Council.
  4815 | D:4      | Learned a level 4 spell: Airstrike
  4816 | D:5      | Entered Level 5 of the Dungeon
  5100 | D:5      | Found a shimmering blue altar of Sif Muna.
  5108 | D:5      | Became a worshipper of Sif Muna the Loreminder
  5176 | D:5      | Reached skill level 1 in Throwing
  5176 | D:5      | Reached skill level 1 in Evocations
  5290 | D:5      | Noticed an ice beast
  5292 | D:5      | Killed an ice beast
  5293 | D:5      | Reached skill level 9 in Air Magic
  5293 | D:5      | Reached XP level 7. HP: 38/38 MP: 2/11
  5779 | D:5      | Reached skill level 10 in Air Magic
  6441 | D:3      | Killed Ijyb
  6442 | D:3      | Reached skill level 1 in Invocations
  6595 | D:3      | Killed Sigmund
  6596 | D:3      | Reached XP level 8. HP: 42/45 MP: 0/12
  6850 | D:3      | Learned a level 3 spell: Swiftness
  6869 | D:3      | Identified the ring "Woicec" {rCorr Dex+3 SInv}
  7087 | D:6      | Noticed Prince Ribbit
  7089 | D:6      | Killed Prince Ribbit
  7133 | D:6      | Reached * piety under Sif Muna
  7150 | D:6      | Found a glowing drain.
  7154 | Sewer    | Entered a sewer
  8420 | D:6      | Noticed Grinder
  8545 | D:6      | Noticed a +0 dagger
  8545 | D:6      | Noticed a +0 falchion
  8545 | D:6      | Noticed a +0 falchion
  8545 | D:6      | Noticed a +0 spear
  8545 | D:6      | Noticed a +0 short sword
  8547 | D:6      | Noticed a +0 spear
  8548 | D:6      | Noticed a +0 short sword
  8550 | D:6      | Noticed a +0 dagger
  8555 | D:6      | Found a hide-covered altar of Uskayaw.
  8617 | D:6      | Noticed Menkaure
  8648 | D:6      | Noticed Maggie
  8678 | D:6      | Found a shadowy altar of Dithmenos.
  8891 | D:6      | Found a basalt altar of Yredelemnul.
  8946 | D:6      | Killed Menkaure
  8947 | D:6      | Reached skill level 5 in Fighting
  9051 | D:6      | Reached skill level 5 in Invocations
  9051 | D:6      | Reached XP level 9. HP: 54/54 MP: 0/13
  9211 | D:6      | Found a burning altar of Makhleb.
  9559 | D:6      | Killed Grinder
  9733 | D:6      | Killed Maggie
 10000 | D:7      | Found a staircase to the Ecumenical Temple.
 10215 | D:7      | Reached ** piety under Sif Muna
 11024 | D:7      | Found a shimmering altar of Xom.
 11102 | D:7      | Found an iron altar of Okawaru.
 11102 | D:7      | Found a broken altar of Ashenzari.
 11245 | D:8      | Reached XP level 10. HP: 63/63 MP: 12/17
 12708 | D:9      | Noticed a boulder beetle
 13309 | D:9      | Found a hazy altar of Hepliaklqana.
 13988 | D:10     | Entered Level 10 of the Dungeon
 13991 | D:10     | Reached *** piety under Sif Muna
 13992 | D:10     | Reached skill level 1 in Ice Magic
 14156 | D:10     | Found a sacrificial altar of Ru.
 14374 | D:10     | Found a white marble altar of Elyvilon.
 14565 | D:10     | Found a radiant altar of Vehumet.
 14799 | D:10     | Found a staircase to the Lair.
 15044 | D:10     | Learned a level 5 spell: Freezing Cloud
 15118 | Lair:1   | Entered Level 1 of the Lair of Beasts
 15125 | Lair:1   | Reached XP level 11. HP: 67/67 MP: 6/19
 15353 | Lair:1   | Reached skill level 10 in Invocations
 15494 | Lair:1   | Noticed a six-headed hydra
 15497 | Lair:1   | Noticed a minotaur
 15505 | Lair:1   | Noticed turdburglar's ghost (journeyman TrFi)
 15523 | Lair:1   | Found a runed translucent gate.
 15523 | Lair:1   | Found a runed translucent gate.
 15523 | Lair:1   | Found a runed translucent gate.
 15540 | Lair:1   | Reached skill level 5 in Conjurations
 15666 | Lair:1   | Reached skill level 5 in Ice Magic
 16794 | Lair:2   | Found a sacrificial altar of Ru.
 16799 | Lair:2   | Noticed a skyshark
 16889 | Lair:2   | Noticed a five-headed hydra
 16894 | Lair:2   | Killed a five-headed hydra
 16896 | Lair:2   | Noticed a skyshark
 17051 | Lair:2   | Killed a skyshark
 17321 | Lair:2   | Killed a skyshark
 17322 | Lair:2   | Reached skill level 5 in Spellcasting
 17458 | Lair:2   | You are sucked into a shaft and drop 1 floor!
 17590 | Lair:2   | Reached skill level 1 in Summonings
 17952 | Lair:2   | Found a blossoming altar of Fedhas.
 17954 | Lair:2   | Noticed an oklob plant
 17954 | Lair:2   | Noticed an oklob plant
 18034 | Lair:2   | Reached XP level 12. HP: 68/72 MP: 3/20
 18406 | Lair:3   | Reached **** piety under Sif Muna
 18583 | Lair:3   | Reached skill level 10 in Conjurations
 18807 | Lair:3   | Found a staircase to the Snake Pit.
 18940 | Lair:3   | Noticed a five-headed hydra
 18948 | Lair:3   | Killed a five-headed hydra
 18949 | Lair:3   | Reached skill level 5 in Summonings
 18954 | Lair:3   | Learned a level 4 spell: Summon Lightning Spire
 19715 | Lair:3   | Found a snail-covered altar of Cheibriados.
 19724 | Lair:3   | Reached skill level 11 in Air Magic
 19981 | Lair:3   | Found a staircase to the Shoals.
 20179 | Lair:4   | Noticed a six-headed hydra
 20197 | Lair:4   | Killed from afar by a lindwurm

Illustrated notes

Levels and vault maps discovered:
D:1:      matt_arrival_refuge, layout_loops_ring
D:2:      layout_rooms, basic_altar, minmay_small_reverse_x, uniq_jessica
D:3:      layout_loops_ring, gammafunk_temple_overflow_arena,
          trog_hazing_becter, minmay_stone_trees_large,
          minmay_fractal_squares_5, uniq_ijyb, uniq_sigmund
D:4:      layout_loops_ring, pdpol_wu_jian_five_deadly_venoms, serial_glass,
          glass_columns_b, glass_columns_a, minmay_strange_pillars,
          kennysheep_generic_room_12
D:5:      layout_loops_ring, tgw_sif
D:6:      layout_basic, lemuel_round_altar, grunt_dithmenos_smoke_and_mirrors,
          nicolae_uskayaw_en_pointe, yredelemnul_altar_generic,
          gup_sewer_entry_bowl, corexii_item_surrounded_by_moat, uniq_menkaure,
          uniq_grinder, uniq_maggie, uniq_prince_ribbit1
D:7:      layout_cave_pools, mainiacjoe_overflow_alcove_2,
          gammafunk_temple_overflow_pools, minmay_temple_entry_drinking_statues
D:8:      layout_loops_corners, serial_glass, glass_columns_a, glass_columns_a
D:9:      layout_loops_corners, kennysheep_little_box
D:10:     layout_roguey, mainiacjoe_overflow_surrounded_room, elyvilon_altar_3,
          vehumet_statue, lair_entry_dummy
Lair:1:   layout_cave_shapes, maelrawn_ghost_gauntlet_escape, st_stairs_6,
          grunt_megastairs_2
Lair:2:   layout_hall_layers, basic_altar, enter_volcano_3, minivault_19,
          hangedman_tree_tricks
Lair:3:   layout_chaotic_city, elwin_shoals_entry_rooms, dummy_snake_entry,
          kennysheep_snail_temple, grunt_megastairs_5
Lair:4:   layout_roguey [special_room_mythical_zoo], slime_entry_2, special_room
          [special_room_bee]

Skill      XL: |  1  2  3  4  5  6  7  8  9 10 11 12 |
---------------+-------------------------------------+-----
Conjurations   | 2 4 9 10 | 10.0
Fighting       | 1 2 5 7 |  7.0
Stealth        | 3 |  3.0
Air Magic      | 5 6 7 9 10 11 | 11.2
Throwing       | 1 |  1.0
Evocations     | 1 2 |  2.0
Invocations    | 1 5 7 9 10 | 10.6
Dodging        | 3 |  3.0
Spellcasting   | 4 5 |  5.0
Ice Magic      | 3 6 |  6.5
Summonings     | 2 5 |  5.0

Action                     |  1- 3 |  4- 6 |  7- 9 | 10-12 || total
---------------------------+-------+-------+-------+-------++-------
  Melee: Dagger            |     4 |     5 |    51 |    54 ||   114
         Kick              |     1 |     1 |    12 |    20 ||    34
         Peck              |       |       |    12 |    12 ||    24
         Punch             |       |       |     3 |       ||     3
   Cast: Shock             |    85 |   136 |   112 |    93 ||   426
         Static Discharge  |     1 |    11 |    15 |    25 ||    52
         Airstrike         |       |     2 |    61 |   141 ||   204
         Swiftness         |       |       |     1 |     1 ||     2
         Summon Lightning  |       |       |       |     9 ||     9
         Freezing Cloud    |       |       |       |     7 ||     7
 Invoke: Channel Magic     |       |       |       |     1 ||     1
  Evoke: Wand              |       |       |     1 |     2 ||     3
    Use: Scroll            |       |     5 |     7 |     5 ||    17
         Potion            |       |       |     1 |       ||     1
   Stab: Sleeping          |       |       |     1 |     1 ||     2
 Armour: Robe              |     1 |     5 |     4 |       ||    10
         Steam dragon scal |       |       |     3 |     4 ||     7
         Troll leather arm |       |       |       |    17 ||    17
  Dodge: Dodged            |     2 |     9 |    52 |    71 ||   134
